 Dungeon Crawl Stone Soup version 0.24.0-37-gcf1ca852f1 (webtiles) character file.

Game seed: 12254867337798576284, levelgen mode: deterministic

1064 Mrkan the Slasher (level 8, -2/70 HPs)
             Began as a Minotaur Fighter on Nov 25, 2019.
             Was an Initiate of Makhleb.
             Killed by divine providence
             ... invoked by an orc priest
              (15 damage)
             ... on level 4 of the Dungeon.
             The game lasted 00:05:19 (2831 turns).

Mrkan the Slasher (Minotaur Fighter)                Turns: 2831, Time: 00:05:19

Health: -2/70      AC: 14    Str: 22    XL:     8   Next: 6%
Magic:  7/7        EV:  4    Int:  5    God:    Makhleb [......]
Gold:   231        SH: 10    Dex: 11    Spells: 7/7 levels left

rFire    . . .     SeeInvis .   a - +0 long sword
rCold    . . .     Gourm    .   c - +0 shield
rNeg     . . .     Faith    .   s - +0 plate armour
rPois    .         Spirit   .   (helmet restricted)
rElec    .         Reflect  .   (no cloak)
rCorr    .         Harm     .   q - +0 pair of gloves
MR       .....                  (no boots)
Stlth    ..........             (no amulet)
HPRegen  0.21/turn              (no ring)
MPRegen  0.10/turn              (no ring)

@: lethally poisoned (-2 -> -4)
A: retaliatory headbutt, horns 2
a: Renounce Religion


You were on level 4 of the Dungeon.
You worshipped Makhleb.
Makhleb was noncommittal.
You were not hungry.

You visited 2 branches of the dungeon, and saw 5 of its levels.
You also visited: Sewer.

You collected 231 gold pieces.

Inventory:

Hand Weapons
 a - a +0 long sword (weapon)
 v - a +0 falchion
Armour
 c - a +0 shield (worn)
 q - a +0 pair of gloves (worn)
 s - a +0 plate armour (worn)
Jewellery
 k - a cursed ring of teleportation {unknown}
Wands
 o - a wand of paralysis (9)
Scrolls
 b - a scroll of magic mapping {unknown}
 g - 3 scrolls of teleportation {unknown}
 i - a scroll of noise {unknown}
 j - 3 scrolls of remove curse {unknown}
 l - 2 scrolls of blinking {unknown}
 m - 4 scrolls of enchant armour {unknown}
 n - 3 scrolls of immolation {unknown}
 p - a scroll of identify {unknown}
 x - 2 scrolls of fear {unknown}
Potions
 d - 2 potions of might
 e - 3 potions of curing {unknown}
 h - 2 potions of degeneration {unknown}
 r - a potion of haste {unknown}
 t - a potion of berserk rage {unknown}
 u - 2 potions of ambrosia {unknown}
 w - a potion of heal wounds {unknown}
Comestibles
 f - 4 rations
 z - 3 chunks of flesh


   Skills:
 + Level 6.2 Fighting
 * Level 7.6 Long Blades
 + Level 6.1 Armour
 + Level 6.1 Shields


You had 7 spell levels left.
You didn't know any spells.
Your spell library was empty.

Dungeon Overview and Level Annotations

Branches:
Dungeon (4/15)             Temple (1/1) D:4           Sewer (visited)

Altars:
Elyvilon
Makhleb
Trog
Uskayaw
Vehumet


Innate Abilities, Weirdness & Mutations

You reflexively headbutt those who attack you in melee.
You have a pair of horns on your head.


Message History

* * * LOW HITPOINT WARNING * * *
You block the adder's attack.
You feel sick. The adder completely misses you. You furiously retaliate!
You headbutt the adder.
You feel sick.
There is an open door here.
You closely miss the adder.
The adder is severely wounded.
The adder bites you but does no damage.
You closely miss the adder.
The adder is severely wounded.
You feel sick. The adder bites you but does no damage.
The adder barely misses you.
You slash the adder!
You kill the adder!
Makhleb accepts your kill.
The orc priest mumbles some strange prayers to Beogh against you.
Beogh smites you!
You die...

.####......##...## #............
..##......####...# #.....####...
..#....).##..#...## ####.#####...
.....)..##...##...# #..........##
.......##.)#).#...###............
#.....##.o.##÷##...##..........##
#....##.o#. #..#...##..........#
##..##..o## ##.##...#..........#
+.##.o# #o†@...#..#########
###### #####.##..# #.........#
#.........# #########....#
##..###..##.### ##.#..#).#.#.#
#_#..#..#....# ##..#..#..####


You could see an orc priest.

Vanquished Creatures
  Sigmund (D:3)
  2 ogres (D:4)
  7 big kobolds (Sewer)
  A hound (D:4)
  An orc priest (D:4)
  A howler monkey skeleton (D:4)
  5 adders
  A river rat (Sewer)
  2 oozes (Sewer)
  An adder skeleton (D:4)
  3 dart slugs
  5 worms
  4 leopard geckos
  7 orcs
  6 giant cockroaches
  4 goblins
  8 hobgoblins
  10 jackals
  3 quokkas
  4 ball pythons
  7 bats
  5 frilled lizards
  6 kobolds
  11 rats
105 creatures vanquished.

Notes
Turn   | Place    | Note
-------+----------+-------------------------------------------
     0 | D:1      | Mrkan the Minotaur Fighter began the quest for the Orb.
     0 | D:1      | Reached XP level 1. HP: 19/19 MP: 0/0
    63 | D:1      | Reached XP level 2. HP: 25/27 MP: 1/1
    91 | D:1      | Reached skill level 3 in Long Blades
   593 | D:2      | Reached XP level 3. HP: 26/33 MP: 2/2
  1177 | D:3      | Reached XP level 4. HP: 38/40 MP: 3/3
  1225 | D:3      | Reached skill level 4 in Long Blades
  1313 | D:3      | Noticed Sigmund
  1325 | D:3      | Killed Sigmund
  1325 | D:3      | Reached skill level 5 in Long Blades
  1325 | D:3      | Reached XP level 5. HP: 37/47 MP: 4/4
  1596 | D:3      | Found a glowing drain.
  1600 | Sewer    | Entered a sewer
  1639 | Sewer    | Reached skill level 5 in Shields
  1639 | Sewer    | Reached XP level 6. HP: 55/55 MP: 5/5
  1641 | Sewer    | Reached skill level 5 in Fighting
  1667 | Sewer    | Reached skill level 5 in Armour
  1826 | Sewer    | Reached skill level 6 in Long Blades
  1953 | Sewer    | Reached XP level 7. HP: 59/61 MP: 6/6
  2371 | D:4      | Found a white marble altar of Elyvilon.
  2383 | D:4      | Reached skill level 7 in Long Blades
  2437 | D:4      | Found a hide-covered altar of Uskayaw.
  2465 | D:4      | Found a staircase to the Ecumenical Temple.
  2474 | Temple   | Entered the Ecumenical Temple
  2508 | Temple   | Became a worshipper of Makhleb the Destroyer
  2582 | D:4      | Found a radiant altar of Vehumet.
  2766 | D:4      | Found a bloodstained altar of Trog.
  2795 | D:4      | Reached XP level 8. HP: 60/70 MP: 7/7
  2831 | D:4      | Killed from afar by an orc priest

Levels and vault maps discovered:
D:1:      evilmike_arrival_crescent, layout_rooms
D:2:      layout_basic
D:3:      layout_rooms, gup_sewer_entry_spiral, uniq_sigmund
D:4:      minmay_razor_zed, layout_rooms, old_standard_altar,
          nicolae_overflow_crystal_walls, marbit_many_paths, lemuel_round_altar,
          minmay_temple_entry_statues_fountains
Temple:   nicolae_temple_figure_zero

Skill      XL: |  1  2  3  4  5  6  7 |
---------------+----------------------+-----
Long Blades    | 3 5 6 7 |  7.6
Fighting       | 4 5 6 |  6.2
Armour         | 4 5 6 |  6.1
Shields        | 4 5 6 |  6.1

Action                   |  1- 3 |  4- 6 |  7- 9 || total
-------------------------+-------+-------+-------++-------
Melee: Long sword        |    88 |   159 |   108 ||   355
       Headbutt          |    13 |    22 |    20 ||    55
  Eat: Chunk             |     1 |     3 |     1 ||     5
       Ration            |       |       |     1 ||     1
Armor: Scale mail        |    50 |       |       ||    50
       Plate armour      |    12 |    80 |    53 ||   145
Dodge: Dodged            |    29 |    32 |    14 ||    75
Block: Shield            |    74 |    80 |    44 ||   198
       Rpst.: Long sword |     8 |    10 |     2 ||    20
